 Dungeon Crawl Stone Soup version 0.30.1-4-g462c640d31 (webtiles) character file.

Game seed: 5856427711887675384

6 jtron the Caller (level 1, 0/13 HPs)
             Began as a Gnoll Summoner on Aug 13, 2023.
             Frozen to death by an endoplasm (5 damage)
             ... on level 1 of the Dungeon.
             The game lasted 00:00:55 (72 turns).

jtron the Caller (Gnoll Summoner)                     Turns: 72, Time: 00:00:56

Health: 0/13       AC:  2    Str:  7    XL:     1   Next: 90%
Magic:  5/6        EV: 13    Int: 14    God:
Gold:   0          SH:  0    Dex: 12    Spells: 8/9 levels left

rFire   . . .        (no weapon)
rCold   . . .        (no shield)
rNeg    . . .        a - +0 robe
rPois   .            (no helmet)
rElec   .            (no cloak)
rCorr   .            (no gloves)
SInv    .            (no boots)
Will    .....        (no amulet)
Stlth   ++           (no ring)
HPRegen 0.22/turn    (no ring)
MPRegen 0.10/turn

%: no passive effects
@: no status effects
A: fangs 1, strong nose, distributed training
a: no special abilities


You were on level 1 of the Dungeon.
You visited 1 branch of the dungeon, and saw 1 of its levels.

Inventory:

Armour
 a - a +0 robe (worn)
Potions
 b - a potion of magic


   Skills:
 + Level 0.2 Fighting
 + Level 0.2 Short Blades
 + Level 0.2 Long Blades
 + Level 0.2 Axes
 + Level 0.2 Maces & Flails
 + Level 0.2 Polearms
 + Level 0.2 Staves
 + Level 0.2 Ranged Weapons
 + Level 0.2 Throwing
 + Level 0.2 Armour
 + Level 4.4 Dodging
 + Level 4.0 Stealth
 + Level 0.2 Shields
 + Level 0.2 Unarmed Combat
 + Level 4.9 Spellcasting
 + Level 0.1 Conjurations
 + Level 0.1 Hexes
 + Level 7.0 Summonings
 + Level 0.1 Necromancy
 + Level 0.1 Translocations
 + Level 0.1 Transmutations
 + Level 0.1 Fire Magic
 + Level 0.1 Ice Magic
 + Level 0.1 Air Magic
 + Level 0.1 Earth Magic
 + Level 0.1 Poison Magic
 + Level 0.3 Invocations
 + Level 0.2 Evocations


You had 8 spell levels left.
You knew the following spells:

 Your Spells              Type           Power      Damage    Failure   Level
a - Summon Small Mammal   Summ           92%        N/A       1%          1

Your spell library contained the following spells:

 Spells                   Type           Power      Damage    Failure   Level
 Call Imp                 Summ           46%        N/A       1%          2
 Call Canine Familiar     Summ           23%        N/A       3%          3
 Summon Guardian Golem    Hex/Summ       13%        N/A       12%         3
 Summon Lightning Spire   Summ/Air       13%        N/A       36%         4


Dungeon Overview and Level Annotations

Branches:
Dungeon (1/15)

Altars:

Shops:
D:1 [


Innate Abilities, Weirdness & Mutations

You have very sharp teeth.
Your uncanny sense of smell can sniff out nearby items.
Your experience applies equally to all skills.


Message History

You drop a scarf of harm.
You swap places.
Your quokka disappears in a puff of smoke!
There is an entrance to Qinyu's Antique Armour Boutique here.
You swap places.
Things that are here:
a +0 dagger; a goblin corpse HP restored.
A rat and a hobgoblin come into view.
Casting: Summon Small Mammal (safe; 1% risk of failure)
Confirm with . or Enter, or press ? or * to list all spells.
Casting: Summon Small Mammal (safe; 1% risk of failure)
Confirm with . or Enter, or press ? or * to list all spells.
Your rat disappears in a puff of smoke!
Your quokka bites the rat.
Your quokka barely misses the rat.
The rat closely misses your quokka.
Your quokka bites the rat.
The rat dies!
The hobgoblin shouts!
You hear a shout!
A bat comes into view.
You hit the hobgoblin but do no damage.
The bat hits your quokka but does no damage.
Your quokka misses the bat. The hobgoblin closely misses you.
An endoplasm comes into view.
You barely miss the hobgoblin.
Your quokka bites the bat.
The hobgoblin closely misses you.
You hit the hobgoblin but do no damage. The bat hits you.
The hobgoblin hits you but does no damage.
You hit the hobgoblin but do no damage. The bat closely misses you.
The bat hits your quokka but does no damage.
Your quokka barely misses the bat.
The bat closely misses your quokka. The endoplasm hits you.
The hobgoblin hits you but does no damage.
You closely miss the hobgoblin. The bat hits you but does no damage.
Your quokka bites the bat.
The bat dies!
The hobgoblin hits you. The endoplasm freezes you.
You are frozen.
You die...

... #.##.# #.....
####.###.##.####.....
............#......≈≈
..................≈≈♣
.................≈≈..
#....∩.).>....≈≈...
#......[......≈....
#rr#.....##...≈....
#.@##...###...≈≈..8
#Jg.....# ##...≈≈..
#†####..# .#..≈≈. #.
#..# .....≈≈ .. #....
..#... #.# #.#### .
###. #. .# ## .. .#
#.


You could see an endoplasm, a hobgoblin (ally target) and 2 friendly quokkas.

Vanquished Creatures
  A quokka (D:1)
1 creature vanquished.

Vanquished Creatures (collateral kills)
  An endoplasm (D:1)
  A goblin (D:1)
  A jackal (D:1)
  A bat (D:1)
  A rat (D:1)
5 creatures vanquished.

Grand Total: 6 creatures vanquished

Notes
Turn   | Place    | Note
-------+----------+-------------------------------------------
     0 | D:1      | jtron the Gnoll Summoner began the quest for the Orb.
     0 | D:1      | Reached XP level 1. HP: 13/13 MP: 6/6
    33 | D:1      | Found Qinyu's Antique Armour Boutique.
    72 | D:1      | Frozen to death by an endoplasm

Illustrated notes

Levels and vault maps discovered:
D:1:      moated_graveyard_arrival, layout_loops_ring, serial_shops, shop,
          dreamdust_ecumenical_altar_hidden_monk_grotto

Action                     || total
---------------------------++-------
  Melee: Unarmed           ||    12
         Bite              ||     1
   Cast: Summon Small Mamm ||     5
 Armour: Robe              ||     3
  Dodge: Dodged            ||     6
